 Dungeon Crawl Stone Soup version 0.14.0-6-g1bc2dff (webtiles) character file.

69 Vegas the Digger (level 3, 18/19 HPs)
             Began as a Gargoyle Earth Elementalist on Apr 11, 2014.
             Quit the game on Level 2 of the Dungeon.
             The game lasted 00:02:52 (991 turns).

Vegas the Digger (Gargoyle Earth Elementalist)       Turns: 991, Time: 00:02:52

HP  18/19        AC  6     Str 11      XL: 3   Next: 10%
MP   6/6         EV 10     Int 16      God:
Gold 42          SH  0     Dex 10      Spells:  1 memorised,  5 levels left

rFire  . . .     SeeInvis .     o - +3,+2 spear (venom)
rCold  . . .     Clarity  .     n - +0 leather armour
rNeg   + . .     Conserve .     (no shield)
rPois  +         rCorr    .     m - -1 helmet (curse)
rElec  +         rRot     +     (no cloak)
SustAb . .       Spirit   .     (no gloves)
rMut   .         Warding  .     (no boots)
Saprov . . .     Stasis   .     (no amulet)
MR     .....                    (no ring)
                                (no ring)

@: not resistant to hostile enchantments, unstealthy
A: life protection 1, electricity resistance, unbreathing, petrification
resistance, AC +3
a: no special abilities


You were on level 2 of the Dungeon.
You were not hungry.

You visited 1 branch of the dungeon, and saw 2 of its levels.

You collected 42 gold pieces.

Inventory:

Hand weapons
 o - a +3,+2 spear of venom (weapon)
Missiles
 b - 20 stones (quivered)
 j - 4 darts of flame
Armour
 c - a +0 robe
 m - a cursed -1 helmet (worn)
 n - a +0 leather armour (worn)
Comestibles
 a - a bread ration
 f - a meat ration
 g - 10 grapes
 i - an apple
 l - a rotting chunk of goblin flesh
 q - 2 chunks of hobgoblin flesh
 r - a chunk of kobold flesh
Scrolls
 e - 4 scrolls of identify {unknown}
 h - a scroll of random uselessness {unknown}
 k - a scroll of immolation {unknown}
Jewellery
 p - an uncursed ring of sustenance {unknown}
Books
 d - a book of Geomancy

   Spells                             Type                      Level
   *Sandblast                         Earth                        1
   Stoneskin                          Transmutation/Earth          2
   Passwall                           Transmutation/Earth          3
   Stone Arrow                        Conjuration/Earth            3
   Petrify                            Transmutation/Earth          4
   Lee's Rapid Deconstruction         Earth                        5


   Skills:
 - Level 1.5 Dodging
 - Level 2.1 Stealth
 + Level 2.3 Spellcasting
   Level 0.7 Transmutations
 * Level 4.6 Earth Magic


You had 5 spell levels left.
You knew the following spells:

 Your Spells              Type           Power        Failure   Level  Hunger
a - Sandblast             Erth           ###...       3%          1    #......


Dungeon Overview and Level Annotations

Branches:
Dungeon (2/15)

Altars:


Innate Abilities, Weirdness & Mutations

You are resistant to torment.
You are immune to poison.
You are immune to rotting.
Your stone body is very resilient (AC +3).
You resist negative energy.
You are resistant to electric shocks.
You can survive without breathing.
You are immune to petrification.


Message History

a club; a hobgoblin corpse You start butchering the hobgoblin corpse.
You continue butchering the corpse. x3
You finish butchering the hobgoblin corpse.
q - 3 chunks of hobgoblin flesh You see here a club.
Things that are here:
a short sword; a kobold corpse Unknown command.
Things that are here:
a short sword; a kobold corpse You start butchering the kobold corpse.
You continue butchering the corpse.
You continue butchering the corpse. x2
You finish butchering the kobold corpse.
r - a chunk of kobold flesh You see here a short sword.
Eat one of 3 chunks of hobgoblin flesh? (ye/n/q/i?) This raw flesh tastes terrible.
You continue eating. x2
Are you sure you want to abandon this character and quit the game? (Confirm with "yes".)

.# ..#
######.##
#.......#
#.......####
###..)........
#.........###.
#.#.......#
...#.@.....#
..## ##.######
. #.####
#....##
####..#
######'###
#####+
#........#
#.....
#........#
#.....
#........#
#.....


There were no monsters in sight!

Vanquished Creatures
  A giant mite (D:1)
  An ooze (D:2)
  3 bats (D:1)
  A giant cockroach (D:1)
  2 hobgoblins
  A giant newt (D:2)
  2 goblins (D:1)
  5 kobolds
  A rat (D:1)
17 creatures vanquished.

Notes
Turn   | Place    | Note
--------------------------------------------------------------
     0 | D:1      | Vegas, the Gargoyle Earth Elementalist, began the quest for the Orb.
     0 | D:1      | Reached XP level 1. HP: 10/10 MP: 3/3
   181 | D:1      | Reached skill level 4 in Earth Magic
   181 | D:1      | Reached XP level 2. HP: 15/15 MP: 0/4
   895 | D:2      | Reached XP level 3. HP: 15/19 MP: 2/6
   991 | D:2      | Quit the game

Action                   || total
-------------------------++-------
Melee: Unarmed           ||    11
       Spear             ||     6
 Cast: Sandblast         ||    29
